 Dungeon Crawl Stone Soup version 0.27-a0-1006-g1fd4cec11e (webtiles) character file.

Game seed: 6324870673678252257

2696 siradein the Cleaver (level 9, -9/61 HPs)
             Began as a Demonspawn Gladiator on Apr 17, 2021.
             Was an Initiate of Qazlal.
             Mangled by Erica
             ... wielding a +4 scimitar of flaming
              (10 damage)
             ... on level 8 of the Dungeon.
             The game lasted 00:13:27 (9441 turns).

siradein the Cleaver (Demonspawn Gladiator)         Turns: 9441, Time: 00:13:27

Health: -9/61      AC: 12    Str: 16    XL:     9   Next: 38%
Magic:  14/15      EV: 15    Int: 10    God:    Qazlal [......]
Gold:   418        SH:  8    Dex: 16    Spells: 8/8 levels left

rFire    . . .     SeeInvis .   a - +0 war axe
rCold    . . .     Faith    .   q - +0 buckler
rNeg     . . .     Spirit   .   s - +2 leather armour {rPois}
rPois    +         Reflect  +   c - +0 helmet
rElec    .         Harm     .   M - +2 cloak
rCorr    .         Rampage  .   g - +0 pair of gloves
Will     .....                  (no boots)
Stlth    +.........             r - amulet of reflection
HPRegen  0.20/turn              p - +4 ring of evasion
MPRegen  0.14/turn              (no ring)

@: no status effects
A: claws 2, sharp scales 2, condensation shield, demonic magic 2
a: Renounce Religion


You were on level 8 of the Dungeon.
You worshipped Qazlal.
Qazlal was noncommittal.
You visited 2 branches of the dungeon, and saw 9 of its levels.

You collected 418 gold pieces.

Inventory:

Hand Weapons
 a - a +0 war axe (weapon)
Missiles
 d - 2 throwing nets (quivered)
 i - 32 poisoned darts
 t - 5 atropa-tipped darts
Armour
 c - a +0 helmet (worn)
 g - a +0 pair of gloves (worn)
 q - a +0 buckler (worn)
 s - a +2 leather armour of poison resistance (worn)
 M - a +2 cloak (worn)
Jewellery
 p - a +4 ring of evasion (left hand)
 r - an amulet of reflection (around neck)
 y - a ring of see invisible
 A - a +4 ring of slaying
 F - a ring of magical power
 I - a ring of protection from fire
 K - a ring of willpower
Wands
 C - a wand of acid (5)
 L - a wand of flame (7)
Scrolls
 b - 2 scrolls of noise {unknown}
 e - 4 scrolls of identify {unknown}
 f - 8 scrolls of teleportation {unknown}
 h - 2 scrolls of acquirement {unknown}
 k - 2 scrolls of fear {unknown}
 u - 2 scrolls of enchant weapon {unknown}
 z - a scroll of enchant armour {unknown}
 B - a scroll of magic mapping {unknown}
 E - a scroll of blinking {unknown}
 H - a scroll of fog {unknown}
Potions
 j - a potion of degeneration {unknown}
 l - 2 potions of flight {unknown}
 m - a potion of invisibility {unknown}
 n - 3 potions of might {unknown}
 o - 2 potions of brilliance {unknown}
 v - a potion of curing {unknown}
 w - a potion of haste {unknown}
 x - a potion of cancellation {unknown}
 G - a potion of attraction {unknown}
 J - a potion of lignification {unknown}


   Skills:
 - Level 2.0 Fighting
 + Level 10.6 Axes
 - Level 1.7 Throwing
 - Level 2.6 Dodging
 + Level 8.2 Invocations


You had 8 spell levels left.
You didn't know any spells.
Your spell library contained the following spells:

 Spells                   Type           Power      Damage    Failure   Level
 Beastly Appendage        Tmut           0%         N/A       61%         1
 Shock                    Conj/Air       0%         1d3       61%         1
 Summon Small Mammal      Summ           0%         N/A       61%         1
 Call Imp                 Summ           0%         N/A       75%         2
 Static Discharge         Conj/Air       0%         N/A       75%         2
 Wereblood                Tmut           0%         N/A       75%         2
 Call Canine Familiar     Summ           0%         N/A       93%         3
 Spider Form              Tmut/Pois      0%         N/A       93%         3
 Summon Guardian Golem    Hex/Summ       0%         N/A       93%         3
 Swiftness                Air            0%         N/A       93%         3
 Airstrike                Air            0%         N/A       100%        4
 Ice Form                 Ice/Tmut       0%         N/A       100%        4
 Summon Ice Beast         Ice/Summ       0%         N/A       100%        4
 Summon Lightning Spire   Summ/Air       0%         N/A       100%        4
 Hydra Form               Tmut           0%         N/A       100%        5
 Lightning Bolt           Conj/Air       0%         1d11      100%        5


Dungeon Overview and Level Annotations

Branches:
Dungeon (8/15)             Temple (1/1) D:4
   Lair: D:8-11

Altars:
Ashenzari
Cheibriados
Dithmenos
Elyvilon
Gozag
Hepliaklqana
Kikubaaqudgha
Makhleb
Nemelex Xobeh
Okawaru
Qazlal
Ru
Sif Muna
Trog
Uskayaw
Vehumet
Wu Jian
Xom
Yredelemnul
The Shining One

Shops:
D:6 (

Annotations:
D:8 3 runed translucent doors, 1 transporter, Erica; Zeld's ghost, novice OpCj; bilbop's ghost, novice TrAM


Innate Abilities, Weirdness & Mutations

You have very sharp fingernails.
You are mostly covered in razor-sharp scales. (AC +2, Slay +2)
A meltable shield of frost defends you. (SH +0)
Spells you cast may paralyse nearby enemies.


Message History

You hit Erica but do no damage. You closely miss the water moccasin.
The water moccasin barely misses you. You block Erica's attack.
You block the water moccasin's attack.
You hit Erica.
Erica is lightly wounded.
You barely miss the water moccasin.
The water moccasin bites you but does no damage.
Erica hits you but does no damage.
You closely miss Erica.
Erica is lightly wounded.
You barely miss the water moccasin. The water moccasin bites you!
Erica screams, "I'll never tell where it is!"
You block Erica's attack. You block the water moccasin's attack.
You closely miss Erica.
Erica is lightly wounded.
You slash the water moccasin! Erica casts a spell at you.
The bolt of poison hits you! You resist.
* * * LOW HITPOINT WARNING * * *
The water moccasin barely misses you.
You hit Erica but do no damage.
Erica is lightly wounded.
You slash the water moccasin!
You kill the water moccasin!
Qazlal accepts your kill.
Erica hits you with a +4 scimitar of flaming.
* * * LOW HITPOINT WARNING * * *
Erica burns you.
* * * LOW HITPOINT WARNING * * *
Your Invocations skill increases to level 8!
You barely miss Erica.
Erica is lightly wounded.
Erica hits you with a +4 scimitar of flaming!
* * * LOW HITPOINT WARNING * * *
Erica burns you.
* * * LOW HITPOINT WARNING * * *
The yak snorts and paws the ground.
You barely miss Erica.
Erica hits you with a +4 scimitar of flaming!
You die...

....8.. . ...... ..
#+#...8 ... +[....#### #
# .... #.....#h5#..##.
h# .....#.....#yc'© #.#
..
......†....#BY#.##.###h#
#.....@@...## #....Y..5.
...##.###...### #######
............####...###
.....##.#.##...........
.... #.................
.. ...........#...###. .
..#.#.......#.......
.........#####.......
...#.#.#.###.........


You could see a boulder beetle, Erica, a yak, a vampire mosquito, a centaur, a
howler monkey and a shadow imp.

Vanquished Creatures
  Maggie (D:7)
  3 yaks
  A water moccasin (D:8)
  2 necrophages
  An ice beast (D:5)
  A black bear (D:6)
  3 ogres
  2 centaurs
  Blork the orc (D:4)
  2 scorpions
  A water moccasin zombie (D:6)
  A wyvern skeleton (D:6)
  A water moccasin skeleton (D:5)
  A wight (D:8)
  A crimson imp (D:6)
  Crazy Yiuf (D:7)
  A hound (D:6)
  2 jellies
  An orc priest (D:4)
  A gnoll shaman (D:5)
  A centaur skeleton (D:5)
  3 iguanas
  4 orc wizards
  A killer bee zombie (D:5)
  A hound skeleton (D:4)
  Robin (D:3)
  7 gnolls
  8 adders
  A white imp (D:7)
  2 ufetubi (D:5)
  4 worms
  3 dart slugs
  19 orcs
  4 bats
  10 endoplasms
  3 giant cockroaches
  11 goblins
  10 hobgoblins
  6 jackals (D:4)
  3 quokkas
  15 ball pythons
  4 frilled lizards
  4 kobolds
  7 rats
160 creatures vanquished.

Vanquished Creatures (others)
  A fungus (D:7)
1 creature vanquished.

Grand Total: 161 creatures vanquished

Notes
Turn   | Place    | Note
-------+----------+-------------------------------------------
     0 | D:1      | siradein the Demonspawn Gladiator began the quest for the
                  | Orb.
     0 | D:1      | Reached XP level 1. HP: 16/16 MP: 1/1
    95 | D:1      | Reached skill level 3 in Axes
   118 | D:1      | Gained mutation: You are partially covered in razor-sharp
                  | scales. (AC +1, Slay +1) [demonic ancestry]
   118 | D:1      | Reached XP level 2. HP: 22/22 MP: 2/2
   900 | D:1      | Gained mutation: You are mostly covered in razor-sharp
                  | scales. (AC +2, Slay +2) [demonic ancestry]
   900 | D:1      | Reached XP level 3. HP: 25/27 MP: 3/3
  1196 | D:2      | Reached skill level 4 in Axes
  1673 | D:2      | Found a faded altar of an unknown god.
  1832 | D:2      | Gained mutation: You have sharp fingernails. [demonic
                  | ancestry]
  1832 | D:2      | Reached XP level 4. HP: 33/33 MP: 4/4
  2230 | D:3      | Noticed Robin
  2253 | D:3      | HP: 1/33 [hobgoblin[Robin] (4)]
  2537 | D:3      | Killed Robin
  2662 | D:3      | Reached skill level 5 in Axes
  2977 | D:3      | Gained mutation: A meltable shield of frost defends you.
                  | (SH +0) [demonic ancestry]
  2977 | D:3      | Reached XP level 5. HP: 22/38 MP: 5/5
  3881 | D:4      | Reached skill level 6 in Axes
  3983 | D:4      | Found a staircase to the Ecumenical Temple.
  4040 | Temple   | Entered the Ecumenical Temple
  4161 | D:4      | Reached XP level 6. HP: 28/44 MP: 6/6
  4493 | D:4      | Noticed Blork the orc
  4502 | D:4      | Killed Blork the orc
  4768 | D:4      | Found a shimmering blue altar of Sif Muna.
  5026 | D:5      | Entered Level 5 of the Dungeon
  5164 | D:4      | Reached skill level 7 in Axes
  5494 | D:5      | Noticed an ice beast
  5513 | D:5      | Killed an ice beast
  5514 | D:5      | Gained mutation: Spells you cast may paralyse adjacent
                  | enemies. [demonic ancestry]
  5514 | D:5      | Reached XP level 7. HP: 50/50 MP: 7/7
  5785 | D:5      | Reached skill level 8 in Axes
  6559 | D:6      | Found a bloodstained altar of Trog.
  6559 | D:6      | Found a stormy altar of Qazlal.
  6563 | D:6      | Reached skill level 9 in Axes
  6563 | D:6      | Gained mutation: Spells you cast may paralyse nearby
                  | enemies. [demonic ancestry]
  6563 | D:6      | Reached XP level 8. HP: 56/56 MP: 8/8
  6569 | D:6      | Became a worshipper of Qazlal Stormbringer
  6584 | D:6      | Reached skill level 1 in Invocations
  6605 | D:6      | Found Kioth's Weapon Shop.
  6861 | D:5      | Reached skill level 5 in Invocations
  7368 | D:6      | Found a radiant altar of Vehumet.
  7369 | D:6      | Found a burning altar of Makhleb.
  7477 | D:6      | Reached skill level 10 in Axes
  7551 | D:6      | Gained mutation: You have very sharp fingernails. [demonic
                  | ancestry]
  7551 | D:6      | Reached XP level 9. HP: 61/61 MP: 13/13
  8040 | D:7      | Noticed Maggie
  8064 | D:7      | Killed Maggie
  8588 | D:7      | Found a runed translucent door.
  8589 | D:7      | Noticed Crazy Yiuf
  8596 | D:7      | Killed Crazy Yiuf
  8955 | D:8      | Found a runed translucent gate.
  8955 | D:8      | Found a runed translucent gate.
  8956 | D:8      | Found a runed translucent gate.
  8957 | D:8      | Noticed Zeld's ghost (novice OpCj)
  8957 | D:8      | Noticed bilbop's ghost (novice TrAM)
  9024 | D:8      | Found an opulent altar of Gozag.
  9059 | D:8      | Noticed a two-headed ogre
  9417 | D:8      | Found a transporter.
  9427 | D:8      | Noticed Erica
  9434 | D:8      | Noticed a boulder beetle
  9440 | D:8      | HP: 3/61 [Erica/+4 scimitar of flaming (7)]
  9440 | D:8      | HP: 1/61 [Erica/+4 scimitar of flaming (2)]
  9441 | D:8      | Mangled by Erica

Illustrated notes

Levels and vault maps discovered:
D:1:      dpeg_arrival_arbitrary_c, layout_basic
D:2:      minmay_alternating_diamond, layout_loops_ring,
          ebering_ecumenical_altar_sacrificial
D:3:      layout_loops_ring, grunt_ministairs_8, uniq_robin
D:4:      layout_loops_ring, lemuel_tele_altar, temple_pool_b,
          minmay_liquid_box, uniq_blork_the_orc
D:5:      layout_basic
D:6:      wad_pebble_path, layout_basic,
          grunt_temple_overflow_lords_of_destruction,
          grunt_temple_overflow_open, serial_shops, nicolae_shop_crystal
D:7:      layout_loops_ring, kennysheep_generic_room_3, uniq_crazy_yiuf_cottage,
          uniq_maggie
D:8:      gammafunk_the_bubble [the_bubble_gammafunk_crates], layout_basic,
          old_standard_altar, gammafunk_ghost_cemetery, roderic_roman_lattice,
          st_stairs_8, chequers_serial_rivers_room_b, uniq_pikel, uniq_erica
Temple:   eino_temple_lava

Skill      XL: |  1  2  3  4  5  6  7  8  9 |
---------------+----------------------------+-----
Axes           | 3 4 5 6 7 9 10 | 10.6
Invocations    | 6 8 |  8.2
Fighting       | |  2.0
Throwing       | |  1.7
Dodging        | |  2.6

Action                   |  1- 3 |  4- 6 |  7- 9 || total
-------------------------+-------+-------+-------++-------
Melee: War axe           |   107 |   188 |   279 ||   574
Throw: Throwing net      |       |     3 |       ||     3
Evoke: Wand              |       |       |     1 ||     1
 Stab: Sleeping          |     1 |       |       ||     1
       Held in net/web   |       |     2 |       ||     2
Armor: Leather armour    |    39 |    46 |    49 ||   134
Dodge: Dodged            |    64 |   118 |   132 ||   314
Block: Buckler           |       |    71 |   150 ||   221
       Other             |       |     6 |       ||     6
       Reflection        |       |     2 |     6 ||     8

Table legend: (Time is in decaauts)
 A = Elapsed time spent in this place.
 B = Non-inter-level travel time spent in this place.
 C = Inter-level travel time spent in this place.
 D = Time resting spent in this place.
 E = Time spent auto-exploring this place.
 F = Levels seen in this place.
 G = Mean time per level.
                   A        B        C        D        E       F      G
               +--------+--------+--------+--------+--------+-----+--------+
         Total |   9569 |   9351 |    218 |   1188 |   6273 |   9 | 1063.2 |
       Dungeon |   9500 |   9282 |    218 |   1188 |   6219 |   8 | 1187.5 |
        Temple |     68 |     68 |      0 |      0 |     54 |   1 |   68.0 |
               +--------+--------+--------+--------+--------+-----+--------+

Top non-repeatable levels by time:
     D:5: 1520 daAuts
     D:2: 1465 daAuts
     D:4: 1349 daAuts
     D:1: 1276 daAuts
     D:6: 1172 daAuts
     D:7: 1162 daAuts
     D:3: 1087 daAuts
     D:8: 465 daAuts
  Temple: 68 daAuts
